 Dungeon Crawl Stone Soup version 0.24.0-125-gc4c63601f3 (webtiles) character file.

Game seed: 13654507247008577082, levelgen mode: deterministic

249 Vrapko the Gusty (level 5, -2/38 HPs)
             Began as a Demigod Air Elementalist on Mar 10, 2020.
             Killed by nerve-wracking pain
             ... invoked by Grinder
              (13 damage)
             ... on level 3 of the Dungeon.
             The game lasted 00:10:31 (3085 turns).

Vrapko the Gusty (Demigod Air Elementalist)         Turns: 3085, Time: 00:10:32

Health: -2/38      AC:  3    Str: 11    XL:     5   Next: 56%
Magic:  1/11       EV: 13    Int: 21    God:
Gold:   121        SH:  0    Dex: 16    Spells: 8/9 levels left

rFire    x . .     SeeInvis .   q - staff of wizardry
rCold    + . .     Gourm    .   (no shield)
rNeg     . . .     Faith    .   a - +0 robe
rPois    .         Spirit   .   (no helmet)
rElec    .         Reflect  .   b - scarf {cloud immunity}
rCorr    .         Harm     .   l - +0 pair of gloves
MR       .....                  (no boots)
Stlth    ++........             (no amulet)
HPRegen  0.12/turn              m - ring of ice
MPRegen  0.12/turn              (no ring)

@: no status effects
A: high mp 1
a: no special abilities


You were on level 3 of the Dungeon.
You were not hungry.

You visited 1 branch of the dungeon, and saw 3 of its levels.

You collected 121 gold pieces.

Inventory:

Hand Weapons
 d - a +0 club
 n - a +2 short sword of speed
 u - a +0 long sword
Armour
 a - a +0 robe (worn)
 b - a scarf of cloud immunity (worn)
 k - a +0 robe
 l - a +0 pair of gloves (worn)
Magical Staves
 q - an uncursed staff of wizardry (weapon)
Jewellery
 m - a ring of ice (left hand)
Scrolls
 e - 3 scrolls of identify
 g - a scroll of fear {unknown}
 i - a scroll of amnesia {unknown}
 j - 2 scrolls of remove curse {unknown}
 o - a scroll of enchant weapon {unknown}
Potions
 f - a potion of curing {unknown}
 h - 2 potions of brilliance {unknown}
 p - 2 potions of invisibility {unknown}
 r - a potion of might {unknown}
 t - a potion of magic {unknown}
Comestibles
 c - 7 rations
 s - 2 chunks of flesh


   Skills:
 + Level 0.2 Fighting
 + Level 1.0 Short Blades
 + Level 2.1 Dodging
 + Level 2.2 Stealth
 + Level 2.7 Spellcasting
 + Level 2.5 Conjurations
 + Level 4.3 Air Magic


You had 8 spell levels left.
You knew the following spells:

 Your Spells              Type           Power        Failure   Level  Hunger
a - Shock                 Conj/Air       ###.         1%          1    None

Your spell library contained the following spells:

 Spells                   Type           Power        Failure   Level  Hunger
 Swiftness                Chrm/Air       ##......     3%          2    ##.....
 Static Discharge         Conj/Air       ###.....     4%          3    ###....
 Airstrike                Air            ###.......   9%          4    ####...
 Lightning Bolt           Conj/Air       ###.......   34%         5    ######.


Dungeon Overview and Level Annotations

Branches:
Dungeon (3/15)

Annotations:
D:3 Grinder


Innate Abilities, Weirdness & Mutations

You have an increased reservoir of magic. (+10% MP)


Message History

Casting: Shock (safe; 1% risk of failure)
Confirm with . or Enter, or press ? or * to list all spells.
Aiming: Shock (safe; 1% risk of failure)
Press: ? - help, Shift-Dir - straight line, f/p - Grinder
Aim: Grinder (heavily wounded)
The zap hits Grinder.
Grinder is heavily wounded.
Grinder gestures at you. Pain shoots through your body!
* * * LOW HITPOINT WARNING * * *
Casting: Shock (safe; 1% risk of failure)
Confirm with . or Enter, or press ? or * to list all spells.
Aiming: Shock (safe; 1% risk of failure)
Press: ? - help, Shift-Dir - straight line, f/p - Grinder
Aim: Grinder (heavily wounded)
The zap hits Grinder!
Grinder is severely wounded.
Grinder gestures at you. Pain shoots through your body!
You die...

#.#............. ?..
#...##.....####.###ยงยง
#.#.###...## #......# #
.##.# #..## #.....$#.
.##.###..# #.......
.........# #...5.#
....####'## #.....#
#######...## #.#
##.....## #@### #
##.......## #.#.##
####.........###....##
...'.........'.......#
####.........###....##
.# ##.......## #.#.##
.# ##.....## #.### .#
##...## #.# .# ##+##
#.#


You could see Grinder.

Vanquished Creatures
  A hound (D:3)
  A jelly (D:2)
  Natasha (thrice) (D:3)
  5 adders (D:2)
  An ooze (D:2)
  2 worms (D:2)
  4 dart slugs
  2 leopard geckos (D:2)
  9 bats
  2 giant cockroaches
  A goblin (D:1)
  8 hobgoblins
  3 jackals (D:3)
  2 quokkas
  6 frilled lizards
  2 kobolds
  6 rats
58 creatures vanquished.

Notes
Turn   | Place    | Note
-------+----------+-------------------------------------------
     0 | D:1      | Vrapko the Demigod Air Elementalist began the quest for the
                  | Orb.
     0 | D:1      | Reached XP level 1. HP: 14/14 MP: 5/5
   152 | D:1      | Found a shattered altar of Ashenzari.
   176 | D:1      | Reached skill level 3 in Air Magic
   289 | D:1      | Reached skill level 1 in Conjurations
   294 | D:1      | Reached XP level 2. HP: 20/20 MP: 2/7
   912 | D:2      | Reached XP level 3. HP: 6/26 MP: 2/8
  1338 | D:2      | Reached XP level 4. HP: 33/33 MP: 2/10
  1885 | D:2      | Reached skill level 4 in Air Magic
  2500 | D:3      | Noticed Natasha
  2505 | D:3      | Killed Natasha
  2505 | D:3      | Reached XP level 5. HP: 38/38 MP: 3/11
  2720 | D:3      | Found a burning altar of Makhleb.
  2729 | D:3      | Reached skill level 1 in Short Blades
  2846 | D:3      | Found a shimmering altar of Xom.
  2846 | D:3      | Found a shattered altar of Ashenzari.
  2929 | D:3      | Noticed Natasha
  2932 | D:3      | Killed Natasha
  3069 | D:3      | Noticed Natasha
  3069 | D:3      | Noticed Grinder
  3081 | D:3      | Killed Natasha
  3085 | D:3      | Killed from afar by Grinder

Levels and vault maps discovered:
D:1:      ebering_hopf_link, layout_loops_ring, evilmike_ruin_ashenzari
D:2:      minmay_general_purpose_star, layout_basic, minmay_3d_cube
D:3:      layout_loops_corners, makhleb_heckhound_becter,
          gammafunk_temple_overflow_wave, uniq_natasha, uniq_grinder

Skill      XL: |  1  2  3  4  5 |
---------------+----------------+-----
Stealth        | 2 |  2.2
Air Magic      | 3 4 |  4.3
Conjurations   | 1 2 |  2.5
Dodging        | 2 |  2.1
Spellcasting   | 2 |  2.7
Short Blades   | 1 |  1.0
Fighting       | |  0.2

Action                   |  1- 3 |  4- 6 || total
-------------------------+-------+-------++-------
Melee: Unarmed           |     3 |       ||     3
       Short sword       |    25 |     4 ||    29
       Staff             |       |     3 ||     3
 Cast: Shock             |    48 |    82 ||   130
  Use: Scroll            |       |     1 ||     1
  Eat: Chunk             |     2 |     5 ||     7
Armor: Robe              |     7 |     7 ||    14
Dodge: Dodged            |    21 |    16 ||    37
